 Dungeon Crawl Stone Soup version 0.27-a0-1565-gad902ab807 (webtiles) character file.

Game seed: 7310513988581825898

6732 tilp the Summoner (level 11, -5/81 HPs)
             Began as a Barachi Summoner on July 16, 2021.
             Was a Priest of Okawaru.
             Killed by refrigeration
             ... invoked by Fannar
              (21 damage)
             ... on level 10 of the Dungeon.
             The game lasted 00:20:44 (14119 turns).

tilp the Summoner (Barachi Summoner)               Turns: 14119, Time: 00:20:44

Health: -5/81      AC: 13    Str: 13    XL:     11   Next: 4%
Magic:  11/20      EV: 13    Int: 16    God:    Okawaru [***...]
Gold:   614        SH:  8    Dex: 12    Spells: 10/22 levels left

rFire    . . .     SeeInvis .   a - +5 club (spect)
rCold    . . .     Faith    .   x - +2 buckler {reflect}
rNeg     . . .     Spirit   .   k - +0 ring mail
rPois    .         Reflect  +   f - +2 helmet
rElec    .         Harm     .   e - +1 cloak
rCorr    .         Rampage  .   d - +1 pair of gloves
Will     +....                  (no boots)
Stlth    +++.......             (no amulet)
HPRegen  0.23/turn              i - ring of willpower
MPRegen  0.17/turn              (no ring)

@: heroic, unable to hop, studying Long Blades, slow
A: amphibious, slowness 1, strong legs 1, +LOS
a: Hop, Renounce Religion, Heroism


You were on level 10 of the Dungeon.
You worshipped Okawaru.
Okawaru was most pleased with you.
You visited 2 branches of the dungeon, and saw 11 of its levels.

You collected 614 gold pieces.

Inventory:

Hand Weapons
 a - a +5 spectral club (weapon)
 b - a +1 whip of flaming
 J - a +0 glaive
 L - a +0 great mace
 M - a +1 halberd of draining
Missiles
 g - 49 poisoned darts (quivered)
 p - 4 atropa-tipped darts
Armour
 d - a +1 pair of gloves (worn)
 e - a +1 cloak (worn)
 f - a +2 helmet (worn)
 k - a +0 ring mail (worn)
 x - a +2 buckler of reflection (worn)
Jewellery
 h - a ring of fire
 i - a ring of willpower (left hand)
 z - a ring of resist corrosion
 E - a ring of fire
Wands
 y - a wand of iceblast (22)
 A - a wand of acid (5)
 G - a wand of flame (20)
 H - a wand of charming (5)
 K - a wand of paralysis (7)
 N - a wand of polymorph (6)
 O - a wand of digging (2)
Scrolls
 l - 2 scrolls of enchant weapon
 B - 3 scrolls of amnesia
 D - a scroll of teleportation
Potions
 j - 2 potions of haste
 m - 2 potions of flight {unknown}
 n - 4 potions of lignification
 q - 2 potions of heal wounds {unknown}
 r - 2 potions of curing {unknown}
 t - 3 potions of mutation
 u - 2 potions of ambrosia {unknown}
 w - 5 potions of might {unknown}
 C - 2 potions of attraction {unknown}
 F - a potion of degeneration {unknown}
 I - 3 potions of magic {unknown}
Miscellaneous
 c - a lightning rod (4/4)


   Skills:
 - Level 6.0(11.0) Fighting
 - Level 4.0(9.0) Maces & Flails
 - Level 4.0(9.0) Dodging
 - Level 4.0(9.0) Stealth
 - Level 4.0(9.0) Shields
 - Level 6.0 Spellcasting
 - Level 12.0 Summonings
 - Level 4.0 Air Magic
 + Level 5.9 Invocations
 - Level 4.0 Evocations


You had 10 spell levels left.
You knew the following spells:

 Your Spells              Type           Power      Damage    Failure   Level
b - Call Imp              Summ           43%        N/A       1%          2
c - Call Canine Familiar  Summ           43%        N/A       1%          3
d - Summon Guardian Gole  Hex/Summ       24%        N/A       7%          3
e - Summon Lightning Spi  Summ/Air       30%        N/A       10%         4

Your spell library contained the following spells:

 Spells                   Type           Power      Damage    Failure   Level
 Summon Small Mammal      Summ           100%       N/A       1%          1
 Animate Skeleton         Necr           8%         N/A       26%         1
 Apportation              Tloc           8%         N/A       26%         1
 Corona                   Hex            4%         N/A       26%         1
 Ensorcelled Hibernation  Hex/Ice        8%         N/A       38%         2
 Slow                     Hex            4%         N/A       38%         2
 Confusing Touch          Hex            4%         N/A       63%         3
 Dazzling Flash           Conj/Hex       8%         N/A       63%         3
 Ozocubu's Armour         Ice            4%         N/A       63%         3
 Tukima's Dance           Hex            4%         N/A       63%         3
 Vampiric Draining        Necr           2%         2d6       63%         3
 Iskenderun's Mystic Bla  Conj/Tloc      4%         2d3       95%         4
 Starburst                Conj/Fire      2%         8x6d3     100%        6
 Ozocubu's Refrigeration  Ice            2%         4d5       100%        7


Dungeon Overview and Level Annotations

Branches:
Dungeon (10/15)            Temple (1/1) D:6            Lair (0/6) D:9
    Orc: D:9-12

Altars:
Ashenzari
Cheibriados
Dithmenos
Elyvilon
Fedhas
Gozag
Hepliaklqana
Kikubaaqudgha
Makhleb
Nemelex Xobeh
Okawaru
Qazlal
Ru
Trog
Uskayaw
Vehumet
Wu Jian
Xom
Yredelemnul
Zin
The Shining One

Shops:
D:5 (

Annotations:
D:8 1 runed translucent door, Erica
D:10 exclusion: vampire, Fannar, Snorg


Innate Abilities, Weirdness & Mutations

You are amphibious.
You cover ground slowly.
You can hop short distances.
You have an extended range of vision and can be seen from far away.


Message History

Your crimson imp misses Fannar.
You hit Fannar but do no damage.
Fannar is heavily wounded.
Your spectral +5 spectral club hits Fannar.
Your wolf bites Fannar!
Fannar hits your wolf with a staff of cold.
Fannar freezes your wolf!
Your wolf bites Fannar!
Your crimson imp closely misses Fannar.
You hit Fannar.
Fannar is almost dead.
Your spectral +5 spectral club hits Fannar.
Your wolf barely misses Fannar.
Your guardian golem overheats!
Fannar mumbles some strange words.
Fannar blinks!
Aiming: Thunderbolt
Press: ? - help, Shift-Dir - straight line, f - you That would be overly suicidal.
Okay, then.
Aiming: Throw Flame
Press: ? - help, Shift-Dir - straight line, f - Fannar
Aim: Fannar, wielding a staff of cold and wearing a +1 robe of cold resistance (almost dead, ally target, 53% to hit)
The puff of flame hits Fannar.
Fannar is almost dead.
Fannar casts a spell.
Unknown command.
What are your orders? t - Croak!
Orders for allies: a - Attack new target. p - Attack previous target. r - Retreat! s - Stop attacking. g - Guard the area. f - Follow me.
Anything else - Cancel.
Gang up on whom?
Press: ? - help, Dir - move target, f/p - Fannar
Aim: Fannar, wielding a staff of cold and wearing a +1 robe of cold resistance (almost dead, ally target) Attack!
Unknown command.
Fannar gestures wildly while chanting.
Fannar drains the heat from the surrounding environment!
You die...

.
.....+.....##.......###.)....##
#..e..'.5........'........
###...##.......###.......e
#..h...........#..$...##
#....5§........#......#
####..8........#......#
#..§........######...
#...........'..>.....
#########...@.......######...
#...................######+#
#.........#########.........
#.........# #.........
#...^.....# #.........
#.........# #.........
#.........# #.........
#.........# .......(..
#.........# ...#####+#


You could see Fannar (ally target), a friendly guardian golem (summoned, inner
flame), a friendly wolf (summoned, sheltered) and 2 friendly crimson imps.

Vanquished Creatures
  Pikel (D:7)
  Grinder (D:3)
  A shadow (D:9)
  2 wyverns
  4 yaks (D:8)
  A water moccasin (D:4)
  2 black bears (D:5)
  An ice beast (D:6)
  An orc warrior (D:6)
  A sky beast (D:8)
  A necrophage (D:6)
  2 ogres
  4 centaurs
  2 bullfrogs
  2 scorpions (D:5)
  A water moccasin zombie (D:5)
  A water moccasin skeleton (D:6)
  4 killer bees
  4 howler monkeys
  A centaur zombie (D:8)
  4 electric eels (D:7)
  2 bullfrog zombies
  3 hounds
  An orc priest (D:9)
  2 jellies
  A bullfrog skeleton (D:5)
  Jessica (D:2)
  An iguana (D:5)
  An orc wizard (D:9)
  3 killer bee zombies
  A hound zombie (D:5)
  2 howler monkey zombies
  6 gnolls (D:4)
  11 adders
  A shadow imp (D:6)
  A white imp (D:6)
  2 worms
  4 dart slugs
  12 orcs
  4 endoplasms
  7 goblins
  6 jackals
  4 kobolds
  A quokka (D:3)
  3 ball pythons
  4 bats
  3 frilled lizards
  4 rats
  A butterfly (D:6)
133 creatures vanquished.

Vanquished Creatures (collateral kills)
  A two-headed ogre (D:9)
  A yak (D:8)
  2 wargs (D:9)
  An orc warrior (D:9)
  2 ogres
  A phantom (D:5)
  A bullfrog (D:9)
  A water moccasin zombie (D:6)
  4 killer bees
  A howler monkey (D:9)
  A centaur zombie (D:9)
  2 jellies
  2 orc wizards
  2 killer bee zombies (D:6)
  A gnoll (D:4)
  A worm (D:2)
  An orc (D:9)
  2 bats (D:1)
  5 endoplasms
  A giant cockroach (D:1)
  2 goblins
  2 hobgoblins
  2 jackals (D:1)
  A ball python (D:1)
  2 frilled lizards (D:1)
  A kobold (D:2)
  A rat (D:1)
44 creatures vanquished.

Vanquished Creatures (others)
  Erolcha (D:9)
  A two-headed ogre (D:9)
2 creatures vanquished.

Grand Total: 179 creatures vanquished

Notes
Turn   | Place    | Note
-------+----------+-------------------------------------------
     0 | D:1      | tilp the Barachi Summoner began the quest for the Orb.
     0 | D:1      | Reached XP level 1. HP: 13/13 MP: 3/3
   173 | D:1      | Reached skill level 1 in Fighting
   964 | D:1      | Reached XP level 2. HP: 22/22 MP: 0/5
  1495 | D:1      | Learned a level 2 spell: Call Imp
  2036 | D:2      | Reached XP level 3. HP: 14/27 MP: 1/7
  2284 | D:2      | Learned a level 3 spell: Call Canine Familiar
  2399 | D:2      | Noticed Jessica
  2411 | D:2      | Killed Jessica
  2412 | D:2      | Reached skill level 5 in Summonings
  3132 | D:3      | Reached XP level 4. HP: 31/33 MP: 8/8
  3396 | D:3      | Reached skill level 6 in Summonings
  3568 | D:3      | Noticed Grinder
  3588 | D:3      | Killed Grinder
  3589 | D:3      | Reached XP level 5. HP: 28/41 MP: 3/9
  3589 | D:3      | Reached XP level 6. HP: 32/47 MP: 3/10
  4094 | D:4      | Noticed a water moccasin
  4099 | D:4      | Killed a water moccasin
  4620 | D:4      | Reached XP level 7. HP: 50/54 MP: 7/11
  5331 | D:5      | Entered Level 5 of the Dungeon
  5420 | D:5      | Reached skill level 7 in Summonings
  5647 | D:5      | Reached skill level 8 in Summonings
  5647 | D:5      | Reached skill level 1 in Maces & Flails
  5647 | D:5      | Reached XP level 8. HP: 36/60 MP: 4/14
  5799 | D:5      | Found an ancient bone altar of Kikubaaqudgha.
  5809 | D:5      | Found Uczerphul's Weapon Shop.
  6027 | D:5      | Reached skill level 1 in Evocations
  6452 | D:5      | Learned a level 3 spell: Summon Guardian Golem
  6457 | D:5      | Learned a level 4 spell: Summon Lightning Spire
  6458 | D:5      | Identified a scroll of acquirement
  6458 | D:5      | Acquired a +2 buckler of reflection
  6622 | D:6      | Found a snail-covered altar of Cheibriados.
  6735 | D:6      | Reached skill level 1 in Shields
  6737 | D:6      | Found a staircase to the Ecumenical Temple.
  6762 | Temple   | Entered the Ecumenical Temple
  6900 | Temple   | Became a worshipper of Warmaster Okawaru
  6978 | D:6      | Found an ornate altar of the Wu Jian Council.
  7396 | D:6      | Reached skill level 1 in Invocations
  7396 | D:6      | Reached XP level 9. HP: 65/65 MP: 11/15
  8742 | D:7      | Reached skill level 1 in Air Magic
  9125 | D:7      | Noticed Pikel
  9159 | D:7      | Killed Pikel
  9159 | D:7      | Reached * piety under Okawaru
  9160 | D:7      | Reached skill level 9 in Summonings
  9700 | D:7      | Noticed Maggie
  9703 | D:7      | Noticed Maggie
  9703 | D:7      | Maggie changed into Maggie the jelly
  9711 | D:7      | Killed Maggie the jelly
 10319 | D:7      | Reached skill level 5 in Spellcasting
 11246 | D:8      | Reached ** piety under Okawaru
 11247 | D:8      | Reached XP level 10. HP: 59/71 MP: 17/17
 11529 | D:8      | Reached skill level 10 in Summonings
 11632 | D:8      | Found a hazy altar of Hepliaklqana.
 12080 | D:8      | Noticed Erica
 12167 | D:8      | Found a runed translucent door.
 12427 | D:9      | Reached skill level 11 in Summonings
 12775 | D:9      | Noticed a two-headed ogre
 12793 | D:9      | Killed a two-headed ogre
 12955 | D:9      | Noticed a two-headed ogre
 13075 | D:9      | Noticed Erolcha
 13086 | D:9      | Killed Erolcha
 13086 | D:9      | Reached *** piety under Okawaru
 13087 | D:9      | Reached skill level 12 in Summonings
 13087 | D:9      | Reached skill level 5 in Fighting
 13225 | D:9      | Killed a two-headed ogre
 13226 | D:9      | Reached skill level 5 in Invocations
 13254 | D:9      | Reached XP level 11. HP: 69/81 MP: 8/20
 13388 | D:9      | Found a staircase to the Lair.
 13574 | D:9      | Found a burning altar of Makhleb.
 13692 | D:10     | Entered Level 10 of the Dungeon
 14093 | D:10     | Noticed Fannar
 14093 | D:10     | Noticed Snorg
 14119 | D:10     | Killed from afar by Fannar

Illustrated notes

Levels and vault maps discovered:
D:1:      giann_bridges, layout_loops_ring, fountainhead, minmay_split_cup_small
D:2:      layout_rooms, st_stairs_6, minmay_tromino_v2, uniq_jessica
D:3:      layout_basic, solitary_fountain, uniq_grinder
D:4:      layout_basic, kennysheep_cross_room, st_stairs_7,
          kennysheep_minor_cross
D:5:      wander_river, layout_gridville, lemuel_tele_altar, serial_shops,
          nicolae_shop_crystal, eino_small_chamber_without_monster,
          fountainhead, minmay_pentangle
D:6:      minmay_chambers_of_threes, layout_loops_ring,
          nicolae_wu_jian_glorious_leap, kennysheep_slug_shrine,
          minmay_temple_entry_butterflies, minmay_manual_monolith
D:7:      layout_loops_corners, chequers_serial_rivers_large_a,
          kennysheep_boxes, uniq_pikel, uniq_maggie
D:8:      layout_loops_corners, nicolae_hepliaklqana_hazy_memory,
          lightli_church_of_beogh, uniq_erica
D:9:      layout_long_grid, mainiacjoe_overflow_alcove_2,
          erik_lair_orcish_takeover, uniq_erolcha
D:10:     cheibrodos_helix_gallery, layout_basic, nicolae_sif_muna_condensation,
          uniq_fannar, uniq_snorg
Temple:   nicolae_temple_elliptical

Skill      XL: |  1  2  3  4  5  6  7  8  9 10 |
---------------+-------------------------------+-----
Fighting       | 1 2 3 4 6 |  6.0
Spellcasting   | 3 4 5 6 |  6.0
Summonings     | 5 6 8 9 12 | 12.0
Dodging        | 3 4 |  4.0
Stealth        | 3 4 |  4.0
Maces & Flails | 1 4 |  4.0
Evocations     | 4 |  4.0
Shields        | 4 |  4.0
Invocations    | 1 4 5 |  5.9
Air Magic      | 3 4 |  4.0

Action                   |  1- 3 |  4- 6 |  7- 9 | 10-12 || total
-------------------------+-------+-------+-------+-------++-------
Melee: Unarmed           |    28 |       |       |       ||    28
       Dagger            |    27 |       |       |       ||    27
       Short sword       |    15 |       |       |       ||    15
       Club              |    19 |    52 |   261 |   111 ||   443
Throw: Dart              |       |       |       |     1 ||     1
 Cast: Summon Small Mamm |    34 |       |       |       ||    34
       Call Imp          |    17 |     6 |    23 |    10 ||    56
       Call Canine Famil |       |     5 |    22 |    14 ||    41
       Summon Guardian G |       |       |       |     7 ||     7
Invok: Heroism           |       |       |       |     2 ||     2
 Abil: Hop               |     1 |       |     2 |     2 ||     5
Evoke: Wand              |       |       |    19 |     5 ||    24
  Use: Scroll            |     6 |     3 |     9 |     3 ||    21
 Stab: Distracted        |     1 |     1 |     5 |     2 ||     9
       Sleeping          |       |     1 |     3 |       ||     4
       Paralysed         |       |       |     7 |       ||     7
Armor: Robe              |     7 |       |       |       ||     7
       Ring mail         |    20 |    23 |   144 |    42 ||   229
Dodge: Dodged            |    58 |    28 |   174 |    63 ||   323
Block: Buckler           |       |       |     8 |    35 ||    43

Table legend: (Time is in decaauts)
 A = Elapsed time spent in this place.
 B = Non-inter-level travel time spent in this place.
 C = Inter-level travel time spent in this place.
 D = Time resting spent in this place.
 E = Time spent auto-exploring this place.
 F = Levels seen in this place.
 G = Mean time per level.
                   A        B        C        D        E       F      G
               +--------+--------+--------+--------+--------+-----+--------+
         Total |  15441 |  14859 |    582 |   4414 |   8592 |  11 | 1403.7 |
       Dungeon |  15258 |  14711 |    547 |   4414 |   8446 |  10 | 1525.8 |
        Temple |    182 |    148 |     34 |      0 |    146 |   1 |  182.0 |
               +--------+--------+--------+--------+--------+-----+--------+

Top non-repeatable levels by time:
     D:7: 2628 daAuts
     D:6: 2222 daAuts
     D:1: 1932 daAuts
     D:9: 1426 daAuts
     D:8: 1417 daAuts
     D:3: 1394 daAuts
     D:5: 1311 daAuts
     D:2: 1303 daAuts
     D:4: 1174 daAuts
    D:10: 448 daAuts
  Temple: 182 daAuts
